 Dungeon Crawl Stone Soup version 0.20.0-14-g326068f (webtiles) character file.

912 Ravini the Cudgeler (level 7, -2/67 HPs)
             Began as a Troll Monk on June 8, 2017.
             Was a Priest of Makhleb.
             Slain by a manticore (26 damage)
             ... on level 6 of the Dungeon.
             The game lasted 00:53:29 (5077 turns).

Ravini the Cudgeler (Troll Monk)                    Turns: 5077, Time: 00:53:29

Health: -2/67      AC:  8    Str: 24    XL:     7   Next: 82%
Magic:  6/6        EV: 11    Int:  6    God:    Makhleb [***...]
Gold:   228        SH:  0    Dex: 12    Spells: 5/6 levels left

rFire    x . .     SeeInvis .   G - +2 quarterstaff (chaos)
rCold    + + .     Gourm    +   (shield currently unavailable)
rNeg     . . .     Faith    .   H - +2 robe {rC+}
rPois    .         Spirit   .   (helmet restricted)
rElec    .         Reflect  .   U - +0 cloak
rCorr    .         Harm     .   (gloves unavailable)
MR       .....                  (boots unavailable)
Stlth    ++........             (no amulet)
Regen    0.7/turn               M - ring of ice
MPRegen  0.1/turn               K - +2 ring of strength

@: barbed spikes
A: unfitting armour, claws 3, fast metabolism 3, gourmand, regeneration 1,
shaggy fur 1, tough skin 2
a: Minor Destruction, Lesser Servant of Makhleb, Renounce Religion


You were on level 6 of the Dungeon.
You worshipped Makhleb.
Makhleb was most pleased with you.
You were very full.

You visited 2 branches of the dungeon, and saw 7 of its levels.
You also visited: Sewer.

You collected 228 gold pieces.

Inventory:

Hand Weapons
 f - a +0 scythe
 k - the +9 war axe of Risk Management {flame, rN+ Str+6}
   (You found it on level 4 of the Dungeon)

   It has been specially enchanted to burn those struck by it, causing extra
   injury to most foes and up to half again as much damage against particularly
   susceptible opponents.
   Big, fiery blades are also staple armaments of hydra-hunters.
   It affects your strength (+6).
   It protects you from negative energy.
 l - a +0 hunting sling
 y - a +0 whip
 B - a +0 short sword
 F - a +0 shortbow
 G - a +2 quarterstaff of chaos (weapon)
 R - a +0 mace of holy wrath
Missiles
 d - 192 stones (quivered)
 e - 45 arrows
 i - 19 sling bullets
 v - 50 poisoned needles
 S - 35 bolts
 V - 5 tomahawks
Armour
 D - a +0 robe
 H - a +2 robe of cold resistance (worn)
 N - a +0 cloak
 P - a +2 cloak
 U - a +0 cloak (worn)
Jewellery
 h - an uncursed ring of stealth
 J - an uncursed ring of protection from cold
 K - a +2 ring of strength (right claw)
 M - a ring of ice (left claw)
Wands
 g - a wand of lightning (6/15)
 p - a wand of polymorph (13/24)
 u - a wand of lightning (7/15)
Scrolls
 b - 2 scrolls of teleportation {unknown}
 n - 4 scrolls of remove curse
 r - a scroll of fear {unknown}
 s - 3 scrolls of recharging {unknown}
 A - 2 scrolls of enchant armour {unknown}
 I - a scroll of enchant weapon {unknown}
 T - 4 scrolls of identify
 X - a scroll of immolation {unknown}
Potions
 a - a potion of resistance {unknown}
 c - 2 potions of flight {unknown}
 m - a potion of heal wounds {unknown}
 o - a potion of might
 w - a potion of cancellation {unknown}
 z - a potion of degeneration {unknown}
 C - a potion of brilliance {unknown}
Books
 Q - a book of Conjurations

   Spells                             Type                      Level
   a - Magic Dart                     Conjuration                  1
   b - Searing Ray                    Conjuration                  2
   c - Dazzling Spray                 Conjuration/Hexes            3
   d - Fulminant Prism                Conjuration/Hexes            4
   e - Force Lance                    Conjuration/Translocation    4
   f - Iskenderun's Mystic Blast      Conjuration                  4
 W - a book of Cantrips

   Spells                             Type                      Level
   a - Confusing Touch                Hexes                        1
   b - Animate Skeleton               Necromancy                   1
   c - Summon Small Mammal            Summoning                    1
   d - Apportation                    Translocation                1
Comestibles
 j - 3 royal jellies
 q - a mutagenic chunk of flesh


   Skills:
 + Level 3.6 Fighting
 + Level 2.4 Short Blades
 + Level 2.3(3.2) Axes
 + Level 3.6(4.1) Maces & Flails
 + Level 0.4(2.1) Staves
 + Level 0.1 Throwing
 + Level 3.5 Dodging
 + Level 2.6 Stealth
 + Level 3.3 Unarmed Combat


You had 5 spell levels left.
You knew the following spells:

 Your Spells              Type           Power        Failure   Level  Hunger
a - Summon Small Mammal   Summ           #...         45%         1    ##.....


Dungeon Overview and Level Annotations

Branches:
Dungeon (6/15)             Temple (1/1) D:5

Altars:
Dithmenos
Gozag
Hepliaklqana
Kikubaaqudgha
Makhleb
Okawaru
Sif Muna
Trog
Uskayaw
Vehumet

Annotations:
D:6 boben's ghost, novice DrFi


Innate Abilities, Weirdness & Mutations

You are too large for most types of armour.
You have claws for hands.
Your metabolism is lightning-fast.
You like to eat raw meat.
Your natural rate of healing is unusually fast.
You are covered in fur. (AC +1)
You have very tough skin. (AC +2)


Message History

Throwing (i - inventory. (,) - cycle):
d - 193 stones (quivered)
Press: ? - help, Shift-Dir - straight line, f/p - boben's ghost
Aim: boben's ghost, wielding a weapon of protection (moderately damaged, fast)
You throw a stone.
The stone hits the manticore but does no damage.
The manticore flicks its tail.
The volley of spikes hits you!
The barbed spikes become lodged in your body.
* * * LOW HITPOINT WARNING * * *
A demon appears!
Boben's ghost hits you!
* * * LOW HITPOINT WARNING * * *
You feel better. Boben's ghost barely misses you.
The manticore closely misses you. The manticore barely misses you.
The manticore closely misses you.
Your orange demon closely misses boben's ghost.
You feel better.
Boben's ghost says, "You can hit me, but you can't hurt me."
Boben's ghost hits you but does no damage.
The manticore bites you!!
You die...

.### #..≈≈..÷..≈
#...#......
##.≈≈≈....≈
..#....H?..
#..##≈≈≈≈≈# #
.........#
#.#.##≈≈≈≈≈#
.##..#..##.#
###..≈......
.......##.##
#...<...## #
#..#....(.#
#.##.##.#
#.##..#.###WH####
#.##.##.#
#........4.@....#
#....# .#
####.####.......#
#.#####.# #.#
#.......#
#.......#
#####.####.......#
#.#######
#.......##.......#
#.#
#.###.#.##.......#
#.####
#.###.#.##!......#
#....# #.##..#
########## ####.#
#.##.## # ########
#.#


You could see a manticore, boben's ghost and a friendly orange demon.

Vanquished Creatures
  Sigmund (D:5)
  A centaur (D:5)
  A big kobold (Sewer)
  A scorpion (D:5)
  A howler monkey (D:4)
  2 bullfrog zombies
  A quasit (D:5)
  3 hounds
  A bullfrog skeleton (D:4)
  Crazy Yiuf (D:5)
  An orc wizard (D:3)
  3 worker ants
  2 hound zombies (D:5)
  5 adders
  A river rat (Sewer)
  A shadow imp (D:6)
  An ooze (D:3)
  3 worms
  A dart slug (D:2)
  3 leopard geckos
  4 orcs (D:3)
  8 giant cockroaches
  6 goblins
  A goblin (shapeshifter) (D:6)
  6 hobgoblins
  12 jackals
  2 quokkas
  A ball python (D:6)
  7 bats
  3 frilled lizards
  9 kobolds
  A quokka skeleton (D:4)
  11 rats
  2 bushes (D:4)
  A plant (D:4)
108 creatures vanquished.

Notes
Turn   | Place    | Note
-------+----------+-------------------------------------------
     0 | D:1      | Ravini the Troll Monk began the quest for the Orb.
     0 | D:1      | Reached XP level 1. HP: 22/22 MP: 0/0
   626 | D:1      | Reached XP level 2. HP: 16/29 MP: 1/1
  1347 | D:2      | Reached XP level 3. HP: 36/36 MP: 2/2
  1638 | D:2      | Reached skill level 1 in Short Blades
  2191 | D:3      | Reached XP level 4. HP: 21/44 MP: 3/3
  2291 | D:3      | Found an iron altar of Okawaru.
  2294 | D:3      | Found a bloodstained altar of Trog.
  2485 | D:3      | Reached XP level 5. HP: 29/52 MP: 4/4
  2921 | D:4      | Found a hide-covered altar of Uskayaw.
  2924 | D:4      | Found a burning altar of Makhleb.
  2924 | D:4      | Found a deep blue altar of Sif Muna.
  3045 | D:4      | Reached skill level 1 in Maces & Flails
  3114 | D:4      | Reached XP level 6. HP: 54/61 MP: 5/5
  3188 | D:4      | Became a worshipper of Makhleb the Destroyer
  3188 | D:4      | Reached * piety under Makhleb
  3188 | D:4      | Reached ** piety under Makhleb
  3638 | D:4      | Got a faintly glowing war axe
  3640 | D:4      | Identified the +9 war axe of Risk Management {flame, rN+ Str+6} (You found it on level 4 of the Dungeon)
  3860 | D:5      | Entered Level 5 of the Dungeon
  3896 | D:5      | Found a staircase to the Ecumenical Temple.
  3896 | D:5      | Noticed Sigmund
  3939 | D:5      | Killed Sigmund
  3987 | Temple   | Entered the Ecumenical Temple
  4031 | D:5      | Reached XP level 7. HP: 67/67 MP: 6/6
  4062 | D:5      | Reached skill level 1 in Axes
  4217 | D:5      | Found a shadowy altar of Dithmenos.
  4448 | D:5      | Found a runed door.
  4452 | D:5      | Noticed Crazy Yiuf
  4457 | D:5      | Killed Crazy Yiuf
  4650 | D:5      | Learned a level 1 spell: Summon Small Mammal
  4716 | D:6      | Found a glowing drain.
  4728 | Sewer    | Entered a sewer
  4881 | Sewer    | Found a white marble altar of Elyvilon.
  4947 | D:6      | Reached *** piety under Makhleb
  5055 | D:6      | Noticed a manticore
  5059 | D:6      | Noticed boben's ghost (novice DrFi)
  5077 | D:6      | Slain by a manticore

Skill      XL: |  1  2  3  4  5  6  7 |
---------------+----------------------+-----
Short Blades   | 1 2 |  2.4
Dodging        | 3 |  3.5
Fighting       | 3 |  3.6
Maces & Flails | 1 2 3 |  3.6
Stealth        | 2 |  2.6
Axes           | 2 |  2.3
Staves         | |  0.4
Throwing       | |  0.1
Unarmed Combat | |  3.3

Action                   |  1- 3 |  4- 6 |  7- 9 || total
-------------------------+-------+-------+-------++-------
Melee: Short sword       |   110 |       |       ||   110
       Unarmed           |     4 |       |       ||     4
       Punch             |     3 |    11 |       ||    14
       Mace              |    15 |       |       ||    15
       Rapier            |    13 |    40 |       ||    53
       Flail             |       |   165 |       ||   165
       War axe           |       |    23 |    19 ||    42
       Quarterstaff      |       |       |    41 ||    41
Throw: Stone             |    11 |     1 |     1 ||    13
Invok: Lesser Servant of |       |       |     1 ||     1
Evoke: Wand              |       |     1 |     2 ||     3
  Use: Scroll            |     1 |     4 |       ||     5
       Potion            |       |     2 |     3 ||     5
 Stab: Sleeping          |     4 |     6 |     1 ||    11
       Distracted        |       |     2 |       ||     2
  Eat: Bread ration      |     4 |     1 |       ||     5
       Meat ration       |       |     2 |     1 ||     3
       Chunk             |       |     3 |    10 ||    13
       Royal jelly       |       |     1 |       ||     1
Armor: Robe              |    97 |    39 |    66 ||   202
       Skin              |       |     2 |       ||     2
Dodge: Dodged            |   134 |    83 |    83 ||   300
